 Dungeon Crawl Stone Soup version 0.21.0-3-g78d12a8 (webtiles) character file.

177 myopia the Cutter (level 5, -1/30 HPs)
             Began as an Octopode Assassin on Jan 10, 2018.
             Slain by Grinder (11 damage)
             ... on level 3 of the Dungeon.
             The game lasted 00:09:43 (1817 turns).

myopia the Cutter (Octopode Assassin)               Turns: 1817, Time: 00:09:43

Health: -1/30      AC:  1    Str:  9    XL:     5   Next: 57%
Magic:  5/5        EV: 13    Int: 13    God:
Gold:   116        SH:  0    Dex: 14    Spells: 4/4 levels left

rFire    . . .     SeeInvis .   k - +3 dagger (speed)
rCold    . . .     Gourm    .   (no shield)
rNeg     . . .     Faith    .   (helmet restricted)
rPois    .         Spirit   .   (no amulet)
rElec    .         Reflect  .   (no ring)
rCorr    .         Harm     .   (no ring)
MR       .....                  (no ring)
Stlth    ++++......             (no ring)
HPRegen  0.10/turn              (no ring)
MPRegen  0.09/turn              (no ring)
                                (no ring)
                                (no ring)

@: no status effects
A: almost no armour, stealthy swim, amphibious, 8 rings, constrict 8, camouflage
1, frail 1, weak 1, gelatinous body 1, evolution 1
a: no special abilities


You were on level 3 of the Dungeon.
You were not hungry.

You visited 1 branch of the dungeon, and saw 3 of its levels.

You collected 116 gold pieces.

Inventory:

Hand Weapons
 a - a +2 dagger
 b - a +0 blowgun
 k - a +3 dagger of speed (weapon)
Missiles
 c - 20 poisoned needles
 d - 2 curare-tipped needles
 e - 3 tomahawks (quivered)
Scrolls
 g - 3 scrolls of remove curse
 n - 5 scrolls of teleportation
 q - 3 scrolls of identify
Potions
 h - a potion of resistance
 j - a potion of haste {unknown}
 l - a potion of lignification
 m - 2 potions of curing {unknown}
 o - a potion of agility {unknown}
 p - 2 potions of heal wounds {unknown}
Comestibles
 f - 2 rations
 i - 8 chunks of flesh


   Skills:
 - Level 2.0 Fighting
 + Level 5.6 Short Blades
 - Level 2.0 Throwing
 - Level 1.0 Dodging
 - Level 5.3 Stealth


You had 4 spell levels left.
You didn't know any spells.

Dungeon Overview and Level Annotations

Branches:
Dungeon (3/15)

Altars:
Kikubaaqudgha
Xom

Annotations:
D:3 Grinder


Innate Abilities, Weirdness & Mutations

You cannot wear most types of armour.
You are very stealthy in the water. (Stealth+)
You are amphibious.
You can wear up to eight rings at the same time.
You can use your tentacles to constrict eight enemies at once.
Your skin changes colour to match your surroundings (Stealth+).
Your rubbery body absorbs attacks. (AC +1, EV +1)
You are frail. (-10% HP)
You are weak. (Str -2)
You evolve.


Message History

Grinder is heavily wounded.
You constrict Grinder, but do no damage.
Grinder says, "I used to sell toenails on the black market."
Grinder gestures at you.
You barely resist. You hit Grinder.
Grinder is severely wounded.
You constrict Grinder, but do no damage.
You hit Grinder. You squeeze Grinder.
Grinder is almost dead.
You constrict Grinder, but do no damage.
Grinder hits you.
You writhe in agony.
* * * LOW HITPOINT WARNING * * *
You hit Grinder.
Grinder is almost dead.
You constrict Grinder. You hit Grinder.
Grinder is almost dead.
You constrict Grinder. Grinder hits you!
You die...

... #########... #........!.(
###........... ######
........?..(........# #....
#).................# ..###
#.................<#
....#########..5@$.g...........#
###............................#
.#####################........#
........ #.......# ########
######†###### ####............#
....######..♣..# .. #####.♣_♣.#
## #. #......♣..#


You could see Grinder and a hobgoblin.

Vanquished Creatures
  8 adders
  An ooze (D:2)
  A worm (D:2)
  5 dart slugs
  3 leopard geckos
  3 orcs (D:3)
  A ball python (D:2)
  4 bats
  A bat zombie (D:2)
  3 giant cockroaches (D:1)
  9 hobgoblins
  10 jackals
  A quokka (D:3)
  5 frilled lizards
  8 goblins
  8 kobolds
  8 rats
  2 rat zombies (D:2)
81 creatures vanquished.

Notes
Turn   | Place    | Note
-------+----------+-------------------------------------------
     0 | D:1      | myopia the Octopode Assassin began the quest for the Orb.
     0 | D:1      | Reached XP level 1. HP: 14/14 MP: 1/1
   151 | D:1      | Reached XP level 2. HP: 14/19 MP: 2/2
   248 | D:1      | Reached XP level 3. HP: 14/24 MP: 3/3
   945 | D:2      | Found a shimmering altar of Xom.
   963 | D:2      | Reached XP level 4. HP: 29/29 MP: 4/4
  1351 | D:2      | Reached skill level 5 in Short Blades
  1351 | D:2      | Reached XP level 5. HP: 34/34 MP: 5/5
  1438 | D:2      | Found an ancient bone altar of Kikubaaqudgha.
  1550 | D:2      | Gained mutation: You are weak. (Str -2) [potion of mutation]
  1550 | D:2      | Gained mutation: You are frail. (-10% HP) [potion of mutation]
  1550 | D:2      | Gained mutation: You evolve. [potion of mutation]
  1574 | D:3      | Found a faded altar of an unknown god.
  1607 | D:3      | Noticed Grinder
  1804 | D:3      | Paralysed by Grinder for 4 turns
  1817 | D:3      | Slain by Grinder

Skill      XL: |  1  2  3  4 |
---------------+-------------+-----
Short Blades   | 3 4 5 |  5.6
Fighting       | |  2.0
Throwing       | |  2.0
Dodging        | |  1.0
Stealth        | |  5.3

Action                   |  1- 3 |  4- 6 || total
-------------------------+-------+-------++-------
Melee: Dagger            |    79 |   101 ||   180
       Constrict         |    22 |    25 ||    47
       Tentacles         |    13 |    19 ||    32
Throw: Tomahawk          |       |     8 ||     8
  Use: Scroll            |     6 |     1 ||     7
       Potion            |       |     1 ||     1
 Stab: Sleeping          |     8 |     8 ||    16
       Distracted        |     1 |     1 ||     2
  Eat: Chunk             |       |     3 ||     3
Armor: Skin              |     5 |     6 ||    11
Dodge: Dodged            |    48 |    35 ||    83
